 Dungeon Crawl Stone Soup version 0.29-a0-392-g297d3b089c (console) character file.

Game seed: 7021627203356167481

18867 althriea the Thaumaturge (level 12, 0/101 HPs)
             Began as a Demigod Wanderer on May 9, 2022.
             Slain by a seven-headed hydra (14 damage)
             ... on level 3 of the Lair of Beasts.
             The game lasted 00:44:53 (19236 turns).

althriea the Thaumaturge (Demigod Wanderer)        Turns: 19236, Time: 00:44:53

Health: 0/101      AC:  9    Str: 23    XL:     12   Next: 5%
Magic:  29/29      EV: 14    Int: 31    God:
Gold:   9          SH:  0    Dex: 16    Spells: 12/29 levels left

rFire   . . .      SeeInvis .   D - +12 flail of Accord {pain, Dex+2}
rCold   . . .      Faith    .   (no shield)
rNeg    . . .      Spirit   .   j - +1 troll leather armour {Snorg}
rPois   .          Reflect  .   e - +0 helmet
rElec   .          Harm     .   (no cloak)
rCorr   .          Rampage  .   x - +0 pair of gloves
Will    +....      Clarity  +   k - +1 pair of boots
Stlth   +.........              a - amulet of magic regeneration
HPRegen 1.06/turn               v - +6 ring of strength
MPRegen 0.61/turn               h - +6 ring of strength

@: about to teleport
A: high MP 1, forlorn, divine attributes, clarity, wild magic 1
a: no special abilities


You were on level 3 of the Lair of Beasts.
You visited 2 branches of the dungeon, and saw 13 of its levels.

You collected 775 gold pieces.
You spent 766 gold pieces at shops.

Inventory:

Hand Weapons
 D - the +12 flail of Accord (weapon) {pain, Dex+2}
   (You found it on level 8 of the Dungeon)

   In the hands of one skilled in necromantic magic, it inflicts extra damage on
   living creatures.
   Dex:       It affects your dexterity (+2).
Missiles
 f - 2 javelins (quivered)
 n - 2 throwing nets
Armour
 e - a +0 helmet (worn)
 j - a +1 troll leather armour (worn) {Snorg}
 k - a +1 pair of boots (worn)
 x - a +0 pair of gloves (worn)
Jewellery
 a - an amulet of magic regeneration (around neck)
 g - a ring of ice
 h - a +6 ring of strength (right hand)
 p - a ring of resist corrosion
 v - a +6 ring of strength (left hand)
 C - a ring of ice
 E - an amulet of guardian spirit
Wands
 d - a wand of polymorph (5)
 l - a wand of flame (15)
 u - a wand of iceblast (14)
 y - a wand of mindburst (8)
 J - a wand of paralysis (1)
Scrolls
 c - 3 scrolls of fear {unknown}
 i - 4 scrolls of enchant armour
 s - 4 scrolls of teleportation
 t - 3 scrolls of identify
 w - a scroll of magic mapping
 G - 5 scrolls of fog
 H - a scroll of summoning
Potions
 b - a potion of cancellation
 m - a potion of haste
 o - 3 potions of might
 q - 3 potions of attraction
 r - a potion of magic
 z - a potion of flight
 A - a potion of brilliance
 B - 3 potions of curing


   Skills:
 - Level 8.0 Fighting
 - Level 6.0 Dodging
 - Level 9.0 Spellcasting
 - Level 8.0 Conjurations
 - Level 6.0 Hexes
 + Level 1.1 Summonings
 - Level 6.0 Necromancy
 - Level 6.0 Ice Magic
 + Level 1.1 Air Magic
 + Level 3.1 Evocations


You had 12 spell levels left.
You knew the following spells:

 Your Spells              Type           Power      Damage    Failure   Level
a - Summon Lightning Spi  Summ/Air       27%        N/A       34%         4
b - Vampiric Draining     Necr           61%        2d10      2%          3
c - Freeze                Ice            100%       1d11      1%          1
d - Frozen Ramparts       Ice            100%       1d12      2%          3
e - Searing Ray           Conj           100%       2d8       1%          2
f - Fulminant Prism       Conj/Hex       32%        3d16      4%          4

Your spell library contained the following spells:

 Spells                   Type           Power      Damage    Failure   Level
 Animate Skeleton         Necr           100%       N/A       1%          1
 Magic Dart               Conj           100%       1d8       1%          1
 Pain                     Necr           100%       1d9       1%          1
 Ensorcelled Hibernation  Hex/Ice        100%       N/A       1%          2
 Summon Small Mammal      Summ           100%       N/A       4%          1
 Stone Arrow              Conj/Erth      100%       3d13      4%          3
 Summon Guardian Golem    Hex/Summ       47%        N/A       4%          3
 Hailstorm                Conj/Ice       65%        3d14      4%          4
 Call Imp                 Summ           27%        N/A       6%          2
 Mephitic Cloud           Conj/Pois/Air  42%        N/A       6%          3
 Animate Dead             Necr           30%        N/A       6%          4
 Beastly Appendage        Tmut           36%        N/A       7%          1
 Sandblast                Erth           36%        2d10      7%          1
 Passwall                 Tmut/Erth      15%        N/A       10%         2
 Call Canine Familiar     Summ           27%        N/A       12%         3
 Swiftness                Air            27%        N/A       12%         3
 Ignite Poison            Fire/Tmut/Pois 18%        N/A       17%         3
 Lightning Bolt           Conj/Air       26%        1d42      24%         5
 Airstrike                Air            13%        N/A       34%         4
 Orb of Destruction       Conj           35%        9d10      85%         7
 Spellforged Servitor     Conj/Summ      26%        N/A       99%         7
 Haunt                    Necr/Summ      23%        N/A       100%        7
 Infestation              Necr           30%        N/A       100%        8


Dungeon Overview and Level Annotations

Branches:
Dungeon (10/15)            Temple (0/1) D:4            Lair (3/6) D:9
  Swamp: Lair:2-4    Shoals: Lair:2-4     Snake: Lair:2-4    Spider: Lair:2-4
    Orc: D:9-12

Shops:
D:2 :

Annotations:
D:4 Menkaure
Lair:1 Urug


Innate Abilities, Weirdness & Mutations

You have an increased reservoir of magic. (+10% MP)
You shall have no god before yourself.
Your divine heritage dramatically boosts your attributes as you level up.
You possess an exceptional clarity of mind.
Your spells are a little harder to cast, but a little more powerful.


Message History

HP restored.
Your armour attunes itself to your body as you begin to regenerate more quickly.
Unknown command.
Unknown command.
Unknown command.
Okay, then.
You drop a +2 robe of cold resistance.
Unknown command.
You enter the shallow water.
Moving in this stuff is going to be slow.
A seven-headed hydra comes into view.
A seven-headed hydra is nearby!
You enter the shallow water.
Moving in this stuff is going to be slow.
The seven-headed hydra bites you! x2; The seven-headed hydra bites you.
The seven-headed hydra bites you!
The seven-headed hydra bites you but does no damage. x2
The seven-headed hydra bites you!
Okay, then.
Okay, then.
As you read the scroll of teleportation, it crumbles to dust.
You feel strangely unstable.
The seven-headed hydra bites you but does no damage. x2
The seven-headed hydra bites you!
The seven-headed hydra completely misses you.
The seven-headed hydra bites you.
The seven-headed hydra barely misses you.
The seven-headed hydra bites you.
The seven-headed hydra attacks as you move away!
The seven-headed hydra bites you!
* * * LOW HITPOINT WARNING * * *
The seven-headed hydra bites you!
* * * LOW HITPOINT WARNING * * *
The seven-headed hydra bites you but does no damage.
The seven-headed hydra bites you.
* * * LOW HITPOINT WARNING * * *
The seven-headed hydra misses you.
The seven-headed hydra closely misses you.
The seven-headed hydra bites you!
You die...

#......#..##♣ ♣§§♣
#...# ##........##♣
♣♣♣♣§§♣ ##..#
#..........♣♣♣♣♣...§§♣
##.##
##...###PP...♣♣...♣♣♣♣
#..# #.#.##
###.#♣♣...≈≈≈≈♣♣
#.#### ##### ###
♣♣≈≈≈≈≈≈≈♣ #..##P
♣♣≈≈≈≈≈≈≈≈♣♣###..##.
♣..D≈≈≈≈≈≈♣#.#...#..
♣♣.@♣♣♣♣♣♣♣.........
#..## #....#.....
#...# ##.........
#..##### #.........
##....#.###.##......
#...#........#......
##...........#......
#.####.#....###....
### ###....# ##...


You could see a seven-headed hydra.

Vanquished Creatures
  Fannar (Lair:2)
  Harold (D:9)
  3 hydras
  A sea snake (Lair:3)
  6 elephants (Lair:3)
  3 black mambas
  6 cane toads
  2 rime drakes
  3 komodo dragons
  A tyrant leech (Lair:3)
  A troll (D:10)
  3 blink frogs (Lair:3)
  A shadow (D:5)
  12 yaks
  A wraith (D:6)
  3 wyverns (D:9)
  2 basilisks
  A steam dragon (D:9)
  A swamp worm (Lair:3)
  9 water moccasins
  3 orc warriors (D:9)
  2 black bears
  A sky beast (D:6)
  An ice beast (D:7)
  3 ogres
  3 phantoms
  3 centaurs
  2 kobold brigands
  12 bullfrogs
  4 scorpions
  10 wights
  11 killer bees (D:7)
  A vampire bat (Lair:1)
  A howler monkey (D:6)
  2 hounds
  A jelly (D:7)
  5 orc priests
  2 gnoll shamans (D:4)
  Terence (D:2)
  3 iguanas
  6 orc wizards
  Robin (D:2)
  12 adders
  15 gnolls
  A white imp (D:6)
  2 ufetubi (D:6)
  A worm (D:2)
  3 dart slugs
  25 orcs
  11 ball pythons
  10 bats
  10 endoplasms
  2 giant cockroaches (D:1)
  14 goblins
  11 hobgoblins
  4 jackals
  18 kobolds
  4 quokkas
  4 frilled lizards
  5 rats
291 creatures vanquished.

Vanquished Creatures (others)
  19 fulminant prisms
  19 fungi
  20 plants
58 creatures vanquished.

Grand Total: 349 creatures vanquished

Notes
Turn   | Place    | Note
-------+----------+-------------------------------------------
     0 | D:1      | althriea the Demigod Wanderer began the quest for the Orb.
     0 | D:1      | althriea set off with the following items: a +0 dagger, a
                  | potion of berserk rage, a +0 robe, a wand of polymorph (6);
                  | and the following spells available to memorise: Animate
                  | Skeleton, Pain, Vampiric Draining, Beastly Appendage,
                  | Ignite Poison
     0 | D:1      | Reached XP level 1. HP: 16/16 MP: 5/5
    29 | D:1      | Learned a level 1 spell: Pain
   244 | D:1      | Reached skill level 2 in Spellcasting
   521 | D:1      | Reached XP level 2. HP: 13/23 MP: 2/7
  1734 | D:2      | Reached XP level 3. HP: 22/28 MP: 2/8
  1811 | D:2      | Learned a level 3 spell: Vampiric Draining
  1813 | D:2      | Learned a level 1 spell: Freeze
  1828 | D:2      | Noticed Terence
  2085 | D:2      | Found Uwnocw's Book Shop.
  2152 | D:2      | Noticed Robin
  2174 | D:2      | Gained mutation: You possess an exceptional clarity of
                  | mind. [potion of mutation]
  2174 | D:2      | Gained mutation: Your spells are a little harder to cast,
                  | but a little more powerful. [potion of mutation]
  2178 | D:2      | Killed Robin
  3103 | D:3      | Noticed a phantom
  3111 | D:2      | Reached skill level 1 in Ice Magic
  3111 | D:2      | Reached XP level 4. HP: 30/35 MP: 2/10
  3421 | D:3      | Identified the +3 hunting sling of a Hundred Hells {freeze,
                  | *Slow Str+5 Int+7}
  3498 | D:3      | Reached skill level 5 in Necromancy
  3575 | D:3      | Identified the +7 scythe of Spores {venom, rC+}
  3826 | D:3      | Reached XP level 5. HP: 36/40 MP: 6/11
  4101 | D:3      | Reached skill level 3 in Spellcasting
  4527 | D:4      | Reached XP level 6. HP: 41/47 MP: 5/13
  4587 | D:3      | Learned a level 3 spell: Frozen Ramparts
  5625 | D:4      | Identified the +1 leather armour of the Realm of Zot {Will-
                  | rCorr MP+9}
  5938 | D:4      | Noticed Menkaure
  6266 | D:2      | Killed Terence
  6616 | D:5      | Entered Level 5 of the Dungeon
  6833 | D:4      | Reached XP level 7. HP: 44/52 MP: 7/14
  6987 | D:4      | Found a staircase to the Ecumenical Temple.
  7118 | D:4      | Reached skill level 5 in Ice Magic
  7880 | D:5      | Reached skill level 4 in Spellcasting
  8199 | D:6      | Reached XP level 8. HP: 58/59 MP: 11/18
  8356 | D:6      | Reached skill level 5 in Spellcasting
  8544 | D:2      | Bought a book of Conjurations for 260 gold pieces
  8693 | D:2      | Learned a level 2 spell: Searing Ray
  8792 | D:5      | Reached skill level 1 in Conjurations
 10127 | D:6      | Learned a level 4 spell: Fulminant Prism
 10166 | D:7      | Reached XP level 9. HP: 47/70 MP: 12/21
 10388 | D:7      | Reached skill level 6 in Spellcasting
 10667 | D:7      | Reached skill level 1 in Hexes
 10873 | D:7      | Reached skill level 5 in Conjurations
 11446 | D:8      | Found Zin's Purification Station.
 11669 | D:8      | Bought a potion of curing for 90 gold pieces
 11717 | D:8      | Identified the +12 flail of Accord {pain, Dex+2}
 12567 | D:9      | Reached skill level 7 in Spellcasting
 12567 | D:9      | Reached XP level 10. HP: 44/78 MP: 8/24
 13221 | D:9      | Found a staircase to the Lair.
 13584 | D:10     | Entered Level 10 of the Dungeon
 13628 | D:10     | Noticed Harold
 14225 | D:9      | Killed Harold
 14226 | D:9      | Reached skill level 5 in Hexes
 14523 | D:9      | Reached skill level 5 in Fighting
 14686 | Lair:1   | Entered Level 1 of the Lair of Beasts
 14795 | Lair:1   | Noticed an eight-headed hydra
 14819 | Lair:1   | Killed an eight-headed hydra
 15040 | Lair:1   | Reached XP level 11. HP: 91/91 MP: 25/25
 15058 | Lair:1   | Reached skill level 1 in Dodging
 15086 | Lair:1   | Found the +15 Maxwell's patent armour {-Cast -Tele rElec
                  | Will+ rCorr}
 15499 | Lair:1   | Noticed Urug
 15974 | Lair:2   | Noticed a five-headed hydra
 15990 | Lair:2   | Killed a five-headed hydra
 16398 | Lair:2   | Reached skill level 8 in Spellcasting
 16613 | Lair:2   | Noticed Fannar
 16641 | Lair:2   | Killed Fannar
 16860 | Lair:3   | Reached skill level 5 in Dodging
 18188 | Lair:3   | Reached skill level 9 in Spellcasting
 18414 | Lair:3   | Noticed Snorg
 18509 | Lair:3   | Noticed an eight-headed hydra
 18531 | Lair:3   | Killed an eight-headed hydra
 18802 | D:2      | Bought a book of Storms for 416 gold pieces
 18807 | D:2      | Learned a level 4 spell: Summon Lightning Spire
 19041 | Lair:3   | Reached XP level 12. HP: 98/101 MP: 23/29
 19060 | Lair:3   | Noticed Snorg
 19060 | Lair:3   | Snorg changed into Snorg the sea snake
 19066 | Lair:3   | Killed Snorg the sea snake
 19067 | Lair:3   | Reached skill level 1 in Summonings
 19067 | Lair:3   | Reached skill level 1 in Air Magic
 19225 | Lair:3   | Noticed a seven-headed hydra
 19236 | Lair:3   | Slain by a seven-headed hydra

Illustrated notes

Levels and vault maps discovered:
D:1:      dpeg_arrival_boxes_within_box, layout_basic
D:2:      layout_loops_ring, serial_shops, nicolae_diamond_shop, uniq_terence,
          uniq_robin
D:3:      layout_loops_cross, grunt_ministairs_10, kennysheep_generic_room_13
D:4:      layout_basic, led_sif_book, temple_hall, minmay_curled_crystal,
          minmay_distorted, uniq_menkaure
D:5:      layout_basic, nicolae_vehumet_altar_sigil,
          mainiacjoe_overflow_alcove_4, minivault_11
D:6:      layout_loops_ring, gammafunk_temple_overflow_claw,
          hangedman_decor_clover_reticule, minmay_misc_feat_cross,
          kennysheep_small_square
D:7:      layout_cave_pools, mainiacjoe_overflow_surrounded_room,
          minmay_misc_feat_tiny
D:8:      layout_gridville, zin_purify
D:9:      layout_cave_pools, grunt_lair_entry_orc_guard_hut
D:10:     layout_cave_pools, xom_butterflies, enter_bailey_5, uniq_harold
Lair:1:   layout_chaotic_city, basic_altar, dreamdust_deal_with_the_devil,
          st_stairs_12, roderic_batcave, lemuel_fruit_tree, uniq_urug
Lair:2:   layout_regular_city, lemuel_fruit_fields, grunt_megastairs_2,
          uniq_fannar
Lair:3:   layout_cave_pods, palyth_hydra_swamp_entry, uniq_snorg

Skill      XL: |  1  2  3  4  5  6  7  8  9 10 11 12 |
---------------+-------------------------------------+-----
Spellcasting   | 2 3 4 5 7 9 |  9.0
Necromancy     | 4 5 6 |  6.0
Ice Magic      | 1 2 4 6 |  6.0
Fighting       | 3 4 6 8 |  8.0
Conjurations   | 3 6 8 |  8.0
Hexes          | 4 6 |  6.0
Dodging        | 6 |  6.0
Summonings     | 1 |  1.1
Air Magic      | 1 |  1.1
Evocations     | 3 |  3.1

Action                   |  1- 3 |  4- 6 |  7- 9 | 10-12 || total
-------------------------+-------+-------+-------+-------++-------
Melee: Dagger            |    15 |     9 |    48 |       ||    72
       Scythe            |       |    16 |    11 |       ||    27
       Flail             |       |       |    11 |    76 ||    87
       Punch             |       |       |     1 |     1 ||     2
 Fire: Hunting sling     |       |     2 |       |       ||     2
Throw: Javelin           |       |     3 |       |       ||     3
 Cast: Pain              |    95 |   134 |    41 |       ||   270
       Vampiric Draining |     2 |     8 |     4 |       ||    14
       Frozen Ramparts   |       |     6 |    35 |    42 ||    83
       Searing Ray       |       |       |    26 |    27 ||    53
       Fulminant Prism   |       |       |       |    19 ||    19
Evoke: Wand              |       |       |       |     8 ||     8
  Use: Scroll            |     2 |     4 |    10 |     9 ||    25
       Potion            |     2 |       |     2 |     2 ||     6
Armor: Robe              |    12 |    12 |    51 |    50 ||   125
       Skin              |       |       |     2 |       ||     2
       Troll leather arm |       |       |       |     5 ||     5
Dodge: Dodged            |    47 |    29 |    91 |   120 ||   287

Table legend: (Time is in decaauts)
 A = Elapsed time spent in this place.
 B = Non-inter-level travel time spent in this place.
 C = Inter-level travel time spent in this place.
 D = Time resting spent in this place.
 E = Time spent auto-exploring this place.
 F = Levels seen in this place.
 G = Mean time per level.
                   A        B        C        D        E       F      G
               +--------+--------+--------+--------+--------+-----+--------+
         Total |  19331 |  18006 |   1325 |   8683 |   6447 |  13 | 1487.0 |
       Dungeon |  15091 |  14001 |   1090 |   7304 |   4546 |  10 | 1509.1 |
          Lair |   4240 |   4005 |    235 |   1379 |   1901 |   3 | 1413.3 |
               +--------+--------+--------+--------+--------+-----+--------+

Top non-repeatable levels by time:
     D:1: 2392 daAuts
     D:3: 2128 daAuts
     D:9: 1913 daAuts
  Lair:3: 1677 daAuts
     D:4: 1572 daAuts
     D:6: 1570 daAuts
     D:5: 1508 daAuts
  Lair:2: 1442 daAuts
     D:2: 1425 daAuts
     D:8: 1315 daAuts
     D:7: 1169 daAuts
  Lair:1: 1121 daAuts
    D:10: 94 daAuts
